 Dungeon Crawl Stone Soup version 0.29-a0-378-gc08b2e8bf8 (webtiles) character file.

Game seed: 18249920545619178402

393 happo123 the Ruffian (level 6, 0/61 HPs)
             Began as a Troll Berserker on May 5, 2022.
             Was an Elder of Trog.
             Slain by a wraith (12 damage)
             ... in an ossuary.
             The game lasted 00:15:13 (3198 turns).

happo123 the Ruffian (Troll Berserker)              Turns: 3198, Time: 00:15:15

Health: 0/61       AC:  4    Str: 28    XL:     6   Next: 51%
Magic:  5/5        EV: 10    Int:  3    God:    Trog [****..]
Gold:   345        SH:  0    Dex:  9    Spells: 5/5 levels left

rFire   + . .      SeeInvis .   n - +0 broad axe
rCold   x . .      Faith    .   (no shield)
rNeg    . . .      Spirit   .   a - +0 animal skin
rPois   .          Reflect  .   (helmet restricted)
rElec   .          Harm     .   (no cloak)
rCorr   +          Rampage  .   (gloves unavailable)
Will    .....                   (boots unavailable)
Stlth   +.........              (no amulet)
HPRegen 1.00/turn               c - ring of resist corrosion
MPRegen 0.09/turn               o - ring of fire

@: on berserk cooldown, slowed, very slow
A: large, unfitting armour, claws 3, regeneration 1, shaggy fur 1, tough skin 1
a: Renounce Religion, Berserk, Trog's Hand, Brothers in Arms


You were in an ossuary.
You worshipped Trog.
Trog was greatly pleased with you.
You visited 1 branch of the dungeon, and saw 4 of its levels.
You also visited: Ossuary.

You collected 345 gold pieces.

Inventory:

Hand Weapons
 h - the +9 dagger "Kuwn" {venom, Str+2}
   (You found it on level 2 of the Dungeon)

   It poisons the flesh of those it strikes.
   Str:       It affects your strength (+2).
 n - a +0 broad axe (weapon)
 s - a +0 short sword
Armour
 a - a +0 animal skin (worn)
Jewellery
 c - a ring of resist corrosion (left claw)
 j - the ring of Kioschos {rN+ Str-5 Int+6 Dex+3}
   (You found it on level 2 of the Dungeon)

   [ring of intelligence]

   Str:       It affects your strength (-5).
   Int:       It affects your intelligence (+6).
   Dex:       It affects your dexterity (+3).
   rN:        It protects you from negative energy.
 o - a ring of fire (right claw)
Scrolls
 d - a scroll of poison {unknown}
 e - a scroll of immolation {unknown}
 f - 3 scrolls of identify {unknown}
 i - a scroll of enchant armour {unknown}
 l - 8 scrolls of teleportation {unknown}
 q - a scroll of fog {unknown}
 t - a scroll of summoning {unknown}
 v - a scroll of vulnerability {unknown}
 w - a scroll of torment {unknown}
 x - a scroll of blinking {unknown}
 y - a scroll of enchant weapon {unknown}
Potions
 b - 2 potions of flight {unknown}
 g - 2 potions of cancellation {unknown}
 k - 3 potions of curing {unknown}
 m - a potion of magic {unknown}
 p - a potion of might {unknown}
 r - a potion of heal wounds {unknown}
 u - a potion of haste {unknown}
 z - 2 potions of brilliance {unknown}
 A - a potion of attraction {unknown}


   Skills:
 + Level 3.4 Fighting
 + Level 0.9 Short Blades
 + Level 2.9 Axes
 + Level 3.4 Dodging
 + Level 0.2 Stealth
 + Level 4.2 Unarmed Combat


You had 5 spell levels left.
You didn't know any spells.
Your spell library was empty.

Dungeon Overview and Level Annotations

Branches:
Dungeon (4/15)            Ossuary (1/1)
 Temple: D:4-7

Altars:


Innate Abilities, Weirdness & Mutations

You are too large for most types of armour.
You have claws for hands.
Your natural rate of healing is unusually fast.
You are covered in fur. (AC +1)
You have tough skin. (AC +1)


Message History

You feel as though you will be slow longer.
The wraith hits you!
You barely miss the wraith. Your claw misses the wraith.
The wraith is almost destroyed.
The wraith hits you! The wraith drains your vigour!
You feel as though you will be slow longer.
The wraith hits you! The wraith drains your vigour!
You feel as though you will be slow longer.
You closely miss the wraith.
The wraith is almost destroyed.
Your skin stops crawling.
You feel less strong-willed. The wraith closely misses you. x2
You hit the wraith but do no damage.
The wraith is almost destroyed.
The wraith hits you but does no damage. The wraith closely misses you.
You hit the wraith.
The wraith is almost destroyed.
The wraith hits you. The wraith drains your vigour!
You feel as though you will be slow longer.
The wraith hits you but does no damage.
You barely miss the wraith.
The wraith is almost destroyed.
The wraith closely misses you. The wraith hits you but does no damage.
You hit the wraith but do no damage.
The wraith is almost destroyed.
The wraith hits you. The wraith closely misses you.
The wraith hits you but does no damage.
You barely miss the wraith.
The wraith is almost destroyed.
The wraith hits you! The wraith drains your vigour!
You feel as though you will be slow longer.
The wraith closely misses you.
You barely miss the wraith.
The wraith is almost destroyed.
The wraith hits you!
* * * LOW HITPOINT WARNING * * *
The wraith drains your vigour!
You feel as though you will be slow longer.
The wraith hits you!
You die...

#......##.........##......#
#.....##...#####...##.....#
#....##...##...##...##....#
#....#...##.....##...#....#
#....+...#.!.!.?.#...+....#
#....#...##.?.?.##...#....#
#....##...##...##...##....#
#.....##...##W##...##.....#
#......##....@....##......#
#.......#####'#####.......#
#.∩.....................∩.#
#.........................#
############'''############
####...#### #..'...'..#
#..#...#..# ####...####


You could see a wraith.

Vanquished Creatures
  A black bear (D:4)
  A scorpion (D:4)
  An orc wizard (D:4)
  A mummy (Ossuary)
  4 adders
  A gnoll (D:2)
  An ufetubus (D:3)
  5 worms
  4 dart slugs
  7 orcs
  5 ball pythons
  12 endoplasms
  9 giant cockroaches
  8 goblins
  8 hobgoblins
  9 kobolds
  5 quokkas
  7 bats
  3 frilled lizards
  9 gnoll skeletons (Ossuary)
  6 kobold skeletons (Ossuary)
  10 orc skeletons (Ossuary)
  4 rats
  2 rat zombies (D:4)
  A bush (D:2)
124 creatures vanquished.

Vanquished Creatures (others)
  2 plants (D:2)
2 creatures vanquished.

Grand Total: 126 creatures vanquished

Notes
Turn   | Place    | Note
-------+----------+-------------------------------------------
     0 | D:1      | happo123 the Troll Berserker began the quest for the Orb.
     0 | D:1      | Reached XP level 1. HP: 22/22 MP: 0/0
   105 | D:1      | Reached XP level 2. HP: 29/29 MP: 1/1
   325 | D:1      | Reached XP level 3. HP: 36/36 MP: 2/2
   370 | D:1      | Reached ** piety under Trog
   736 | D:2      | Identified the +9 dagger "Kuwn" {venom, Str+2}
   884 | D:2      | Identified the ring of Kioschos {rN+ Str-5 Int+6 Dex+3}
  1012 | D:2      | Reached skill level 4 in Unarmed Combat
  1074 | D:2      | Reached XP level 4. HP: 44/44 MP: 3/3
  2242 | D:3      | Reached XP level 5. HP: 34/53 MP: 4/4
  2664 | D:4      | Reached *** piety under Trog
  2759 | D:4      | Reached skill level 1 in Axes
  2943 | D:4      | Noticed a black bear
  2952 | D:4      | Killed a black bear
  2953 | D:4      | Reached XP level 6. HP: 36/61 MP: 5/5
  3009 | D:4      | Found a sand-covered staircase.
  3020 | Ossuary  | Entered an ossuary
  3020 | Ossuary  | Noticed a wraith
  3020 | Ossuary  | Noticed a wraith
  3020 | Ossuary  | Noticed a wraith
  3083 | Ossuary  | Reached **** piety under Trog
  3155 | Ossuary  | Noticed a wraith
  3198 | Ossuary  | Slain by a wraith

Illustrated notes

Levels and vault maps discovered:
D:1:      heliophobic_arrival_ceremonial_halls, layout_loops_ring
D:2:      layout_loops_ring, serial_forest, infiniplex_forest_pool,
          infiniplex_forest_corner_2, infiniplex_forest_clump_cross,
          infiniplex_forest_clump_small, infiniplex_forest_lined_2,
          infiniplex_forest_lined_room_2, infiniplex_forest_corner_1,
          minmay_hexomino_u4
D:3:      layout_basic, roderic_lattice_a, minmay_fractal_squares_diagonal_5
D:4:      layout_loops_ring, enter_ossuary_4
Ossuary:  ossuary_due_mausoleum

Skill      XL: |  1  2  3  4  5 |
---------------+----------------+-----
Unarmed Combat | 4 |  4.2
Fighting       | 3 |  3.4
Dodging        | 3 |  3.4
Axes           | 2 |  2.9
Short Blades   | |  0.9
Stealth        | |  0.2

Action                   |  1- 3 |  4- 6 || total
-------------------------+-------+-------++-------
Melee: Unarmed           |    96 |       ||    96
       Punch             |     3 |     6 ||     9
       Dagger            |    23 |     8 ||    31
       Broad axe         |       |   236 ||   236
Invok: Berserk           |       |     2 ||     2
       Trog's Hand       |       |     1 ||     1
Armor: Animal skin       |    40 |   125 ||   165
Dodge: Dodged            |    47 |   198 ||   245

Table legend: (Time is in decaauts)
 A = Elapsed time spent in this place.
 B = Non-inter-level travel time spent in this place.
 C = Inter-level travel time spent in this place.
 D = Time resting spent in this place.
 E = Time spent auto-exploring this place.
 F = Levels seen in this place.
 G = Mean time per level.
                   A        B        C        D        E       F      G
               +--------+--------+--------+--------+--------+-----+--------+
         Total |   3329 |   2786 |    543 |      0 |   1771 |   5 |  665.8 |
       Dungeon |   3126 |   2583 |    543 |      0 |   1771 |   4 |  781.5 |
       Ossuary |    203 |    203 |      0 |      0 |      0 |   1 |  203.0 |
               +--------+--------+--------+--------+--------+-----+--------+

Top non-repeatable levels by time:
     D:3: 1030 daAuts
     D:2: 981 daAuts
     D:1: 699 daAuts
     D:4: 415 daAuts
 Ossuary: 203 daAuts
